 Dungeon Crawl Stone Soup version 0.22.0-60-ga52c2fcf6e (webtiles) character file.

57 IceCat the Chopper (level 4, 0/27 HPs)
             Began as a Gargoyle Gladiator on Sept 10, 2018.
             Slain by Sigmund
             ... wielding a +0 scythe
              (4 damage)
             ... on level 2 of the Dungeon.
             The game lasted 00:01:31 (657 turns).

IceCat the Chopper (Gargoyle Gladiator)              Turns: 657, Time: 00:01:31

Health: 0/27       AC:  7    Str: 17    XL:     4   Next: 0%
Magic:  4/4        EV: 12    Int: 14    God:
Gold:   59         SH:  0    Dex: 12    Spells: 3/3 levels left

rFire    . . .     SeeInvis .   a - +0 war axe
rCold    . . .     Gourm    .   (no shield)
rNeg     + . .     Faith    .   b - +0 leather armour
rPois    ∞         Spirit   .   c - +0 helmet
rElec    +         Reflect  .   (no cloak)
rCorr    .         Harm     .   (no gloves)
MR       .....                  (no boots)
Stlth    +.........             (no amulet)
HPRegen  0.09/turn              (no ring)
MPRegen  0.09/turn              (no ring)

@: brilliant
A: negative energy resistance 1, electricity resistance, unbreathing,
petrification resistance, rot immunity, AC +3
a: no special abilities


You were on level 2 of the Dungeon.
You were not hungry.

You visited 1 branch of the dungeon, and saw 2 of its levels.

You collected 59 gold pieces.

Inventory:

Hand Weapons
 a - a +0 war axe (weapon)
Missiles
 d - 3 throwing nets (quivered)
Armour
 b - a +0 leather armour (worn)
 c - a +0 helmet (worn)
Jewellery
 n - an uncursed ring of wizardry {unknown}
Scrolls
 g - a scroll of teleportation {unknown}
 h - 2 scrolls of identify {unknown}
 i - a scroll of remove curse {unknown}
 m - a scroll of fog {unknown}
Potions
 e - a potion of brilliance
 j - a potion of ambrosia {unknown}
 k - 2 potions of degeneration {unknown}
 o - 2 potions of heal wounds {unknown}
Comestibles
 f - 4 rations
 l - 4 chunks of flesh


   Skills:
 + Level 2.6 Fighting
 + Level 3.5 Axes
 + Level 1.9 Throwing
 + Level 0.5 Armour
 + Level 2.9 Dodging


You had 3 spell levels left.
You didn't know any spells.
Your spell library was empty.

Dungeon Overview and Level Annotations

Branches:
Dungeon (2/15)

Altars:
Cheibriados

Annotations:
D:2 Sigmund


Innate Abilities, Weirdness & Mutations

You are resistant to torment.
Your stone body is resilient. (AC +3)
You are immune to poison.
You resist negative energy. (rN+)
You are resistant to electric shocks. (rElec)
You can survive without breathing.
You are immune to petrification.
You are immune to rotting.


Message History

You slash Sigmund!
Sigmund is heavily wounded.
The bat closely misses you.
Unknown command.
You hit Sigmund but do no damage.
Sigmund is heavily wounded.
You closely miss the bat. The bat barely misses you. Sigmund misses you.
You closely miss Sigmund.
Sigmund is heavily wounded.
Sigmund hits you with a scythe!
* * * LOW HITPOINT WARNING * * *
The bat barely misses you.
It was a potion of brilliance.
You feel clever all of a sudden. The bat closely misses you.
Sigmund misses you.
You hit Sigmund.
Sigmund is heavily wounded.
You miss the bat. The bat hits you but does no damage.
Sigmund hits you with a scythe.
You die...

### # ... #.# #####
#.# # # #...#
#.######
#.######...###.......
#....b.........######
#>(@@........### #
.....###........# ###
#.##...### #..#...#
...##### ##..# #..#
#..# ....


You could see Sigmund and a bat.

Vanquished Creatures
  Terence (D:2)
  An ooze (D:1)
  A dart slug (D:1)
  A ball python (D:2)
  4 giant cockroaches (D:1)
  3 goblins (D:1)
  4 hobgoblins (D:1)
  5 bats
  4 frilled lizards
  A kobold (D:2)
  5 rats
30 creatures vanquished.

Notes
Turn   | Place    | Note
-------+----------+-------------------------------------------
     0 | D:1      | IceCat the Gargoyle Gladiator began the quest for the Orb.
     0 | D:1      | Reached XP level 1. HP: 12/12 MP: 1/1
    32 | D:1      | Reached XP level 2. HP: 14/17 MP: 2/2
    43 | D:1      | Reached skill level 3 in Axes
   308 | D:1      | Reached XP level 3. HP: 22/22 MP: 3/3
   550 | D:2      | Found a snail-covered altar of Cheibriados.
   550 | D:2      | Noticed Terence
   560 | D:2      | Killed Terence
   645 | D:2      | Noticed Sigmund
   652 | D:2      | Reached XP level 4. HP: 16/27 MP: 4/4
   657 | D:2      | Slain by Sigmund

Skill      XL: |  1  2 |
---------------+-------+-----
Axes           | 3 |  3.5
Fighting       | |  2.6
Throwing       | |  1.9
Armour         | |  0.5
Dodging        | |  2.9

Action                   |  1- 3 |  4- 6 || total
-------------------------+-------+-------++-------
Melee: War axe           |   106 |     4 ||   110
  Use: Potion            |       |     1 ||     1
Armor: Leather armour    |    55 |     1 ||    56
Dodge: Dodged            |    85 |     7 ||    92
